 Dungeon Crawl Stone Soup version 0.19-a0-905-ge5e6a15 (webtiles) character file.

2025 Moloch the Magician (level 9, 57/57 HPs)
             Began as a Demonspawn Wizard on July 5, 2016.
             Was an Initiate of Vehumet.
             Quit the game on level 7 of the Dungeon.
             The game lasted 00:24:58 (9202 turns).

Moloch the Magician (Demonspawn Wizard)             Turns: 9202, Time: 00:24:59

Health: 57/57      AC:  6    Str:  7    XL:     9   Next: 3%
Magic:  11/20      EV: 11    Int: 24    God:    Vehumet [......]
Gold:   559        SH:  0    Dex: 11    Spells: 6 memorised, 10 levels left

rFire  + . .     SeeInvis .     v - +6 club
rCold  . . .     Gourm    .     a - +0 robe
rNeg   . . .     Faith    .     (no shield)
rPois  .         Spirit   .     b - +1 hat
rElec  .         Dismiss  .     (no cloak)
rCorr  .         Reflect  .     (no gloves)
SustAt .         Harm     .     (no boots)
MR     +....                    (no amulet)
Stlth  ++........               i - ring of protection from fire
                                r - ring of protection from magic

@: somewhat resistant to hostile enchantments, unstealthy
A: antennae 1, icy blue scales 2, spiny 1, rot immunity
a: Renounce Religion


You were on level 7 of the Dungeon.
You worshipped Vehumet.
Vehumet was noncommittal.
You were not hungry.

You visited 2 branches of the dungeon, and saw 8 of its levels.
You also visited: Sewer.

You collected 559 gold pieces.

Inventory:

Hand Weapons
 v - a +6 club (weapon)
 y - a +0 blowgun
Missiles
 n - 2 throwing nets (quivered)
 C - 11 poisoned needles
Armour
 a - a +0 robe (worn)
 b - a +1 hat (worn)
Magical Staves
 E - an uncursed staff of wizardry
Jewellery
 i - a ring of protection from fire (right hand)
 r - a ring of protection from magic (left hand)
 s - an uncursed ring of flight
Wands
 u - a wand of flame (29/48)
 B - a wand of acid (13/15)
Scrolls
 e - 6 scrolls of recharging
 f - 2 scrolls of teleportation {unknown}
 k - a scroll of fog {unknown}
 l - a scroll of blinking
 m - 2 scrolls of enchant weapon {unknown}
 w - 2 scrolls of noise {unknown}
 G - 2 scrolls of identify
 H - a scroll of random uselessness {unknown}
 I - a scroll of fear {unknown}
 J - 2 scrolls of amnesia {unknown}
 K - a scroll of remove curse
Potions
 g - 2 potions of brilliance
 j - 3 potions of curing
 o - 3 potions of cure mutation
 p - a potion of ambrosia
 q - 2 potions of lignification {unknown}
 x - 2 potions of might
 z - a potion of heal wounds
 A - 2 potions of flight
 D - 2 potions of cancellation
Books
 c - a book of Minor Magic

   Spells                             Type                      Level
   a - Magic Dart                     Conjuration                  1
   b - Blink                          Translocation                2
   c - Call Imp                       Summoning                    2
   d - Repel Missiles                 Charms/Air                   2
   e - Slow                           Hexes                        2
   f - Conjure Flame                  Conjuration/Fire             3
   g - Mephitic Cloud                 Conjuration/Poison/Air       3
Comestibles
 d - 9 bread rations
 h - 4 meat rations
 t - a beef jerky
 F - a fruit
 L - 5 chunks of flesh


   Skills:
 - Level 1.7 Dodging
 - Level 1.7 Stealth
 + Level 7.8 Spellcasting
 - Level 7.0 Conjurations
 - Level 1.0 Summonings
 - Level 0.8 Translocations
 * Level 4.6 Fire Magic


You had 10 spell levels left.
You knew the following spells:

 Your Spells              Type           Power        Failure   Level  Hunger
a - Magic Dart            Conj           ####         1%          1    None
b - Blink                 Tloc           N/A          10%         2    None
c - Call Imp              Summ           ##......     10%         2    None
d - Mephitic Cloud        Conj/Pois/Air  ###.....     10%         3    None
e - Conjure Flame         Conj/Fire      #####...     1%          3    None
f - Slow                  Hex            #.......     12%         2    None


Dungeon Overview and Level Annotations

Branches:
Dungeon (7/15)             Temple (1/1) D:7

Altars:
Ashenzari
Cheibriados
Dithmenos
Elyvilon
Fedhas
Gozag
Hepliaklqana
Kikubaaqudgha
Makhleb
Nemelex Xobeh
Okawaru
Pakellas
Qazlal
Ru
Sif Muna
Trog
Uskayaw
Vehumet
Xom
Yredelemnul
Zin
The Shining One


Innate Abilities, Weirdness & Mutations

You have a pair of small antennae on your head.
You are mostly covered in icy blue scales. (AC +3, EV -1)
You are partially covered in sharp spines.
You are immune to rotting.


Message History

Aim: an ogre, wielding a giant club (severely wounded, confused)
The magic dart hits the ogre.
The ogre is almost dead.
Casting: Magic Dart
Confirm with . or Enter, or press ? or * to list all spells.
Aiming: Magic Dart
Press: ? - help, Shift-Dir - straight line, f/p - ogre
Aim: an ogre, wielding a giant club (almost dead, confused)
The magic dart hits the ogre.
You kill the ogre!
Vehumet accepts your kill.
You have reached level 9!
Your experience leads to an increase in your attributes!
Increase (S)trength, (I)ntelligence, or (D)exterity?
You feel clever.
You see here a giant club.
G - 2 scrolls of identify (gained 1)
You see here a flail.
There isn't anything to butcher here.
Are you sure you want to abandon this character and quit the game? (Confirm with "yes".)

#. #.#.#
####.###.####.#######.#
.. ..... ...###.# ##.##
#.# # #####
#####...###...######.#
#.#....>.......#..
#.#..##)..####.###
#.#..###[## #.###
#.#..# #[.# #....
#.#.)# ##.# #.###
#@#..####.## #.#
#.#..#.....# #.#
#....#.###.# #.#
###..)...# #.###.###
#........###........
#.###.##.....####### #.
#.......[....... #
#.####..######## ...#
#..#


There were no monsters in sight!

Vanquished Creatures
  An orc warrior (D:7)
  2 phantoms
  An ice beast (D:6)
  2 ogres
  A centaur (D:6)
  A big kobold (D:5)
  3 giant frogs
  A scorpion (D:7)
  A wight (D:6)
  2 howler monkeys (D:6)
  A hound (D:4)
  A jelly (D:6)
  4 orc priests (D:6)
  2 giant frog skeletons
  A centaur skeleton (D:6)
  Ijyb (D:2)
  Natasha (D:3)
  2 orc wizards
  3 worker ants
  A howler monkey zombie (D:7)
  A howler monkey skeleton (D:6)
  4 gnolls (D:3)
  14 adders
  2 river rats (D:4)
  18 oozes
  3 worms
  2 dart slugs
  14 giant geckos
  12 orcs
  15 ball pythons
  19 giant cockroaches
  7 hobgoblins
  8 jackals
  13 kobolds
  3 quokkas
  6 bats
  13 giant newts
  7 goblins
  A jackal skeleton (D:7)
  11 rats
205 creatures vanquished.

Vanquished Creatures (collateral kills)
  Sigmund (D:3)
  The ghost of George the Conjurer, an amateur DECj (D:6)
  A giant frog zombie (D:3)
  2 adders
5 creatures vanquished.

Vanquished Creatures (others)
  A plant (D:5)
1 creature vanquished.

Grand Total: 211 creatures vanquished

Notes
Turn   | Place    | Note
-------+----------+-------------------------------------------
     0 | D:1      | Moloch the Demonspawn Wizard began the quest for the Orb.
     0 | D:1      | Reached XP level 1. HP: 13/13 MP: 4/4
   302 | D:1      | Gained mutation: You have a pair of small antennae on your head. [demonic ancestry]
   302 | D:1      | Reached XP level 2. HP: 11/19 MP: 0/6
   751 | D:1      | Learned a level 2 spell: Blink
   754 | D:1      | Learned a level 2 spell: Call Imp
   875 | D:1      | Reached XP level 3. HP: 17/24 MP: 0/7
  1993 | D:2      | Reached XP level 4. HP: 30/30 MP: 0/9
  2040 | D:2      | Learned a level 3 spell: Mephitic Cloud
  2459 | D:3      | Noticed Ijyb
  2583 | D:2      | Killed Ijyb
  3062 | D:3      | Gained mutation: You are partially covered in sharp spines. [demonic ancestry]
  3062 | D:3      | Reached XP level 5. HP: 35/35 MP: 4/10
  3576 | D:3      | Found a sparkling altar of Nemelex Xobeh.
  3621 | D:3      | Found a white marble altar of Elyvilon.
  3643 | D:3      | Noticed Sigmund
  4229 | D:3      | Killed Sigmund
  4229 | D:3      | Reached skill level 5 in Conjurations
  4229 | D:3      | Gained mutation: You are immune to rotting. [demonic ancestry]
  4229 | D:3      | Reached XP level 6. HP: 25/41 MP: 4/13
  4552 | D:3      | Noticed Natasha
  4559 | D:3      | Killed Natasha
  4559 | D:3      | Reached skill level 5 in Spellcasting
  4695 | D:4      | Learned a level 3 spell: Conjure Flame
  4725 | D:4      | Reached skill level 1 in Fire Magic
  4907 | D:4      | Gained mutation: You are partially covered in icy blue scales. (AC +1) [demonic ancestry]
  4907 | D:4      | Reached XP level 7. HP: 38/46 MP: 3/14
  5141 | D:4      | Found a glowing drain.
  5166 | Sewer    | Entered a sewer
  5268 | Sewer    | Learned a level 2 spell: Slow
  6520 | D:5      | Entered Level 5 of the Dungeon
  7241 | D:6      | Gained mutation: You are mostly covered in icy blue scales. (AC +3, EV -1) [demonic ancestry]
  7241 | D:6      | Reached XP level 8. HP: 43/52 MP: 8/16
  7284 | D:6      | Noticed George's ghost (amateur DECj)
  7291 | D:6      | Killed George's ghost
  8747 | D:7      | Found a staircase to the Ecumenical Temple.
  8776 | Temple   | Entered the Ecumenical Temple
  8931 | Temple   | Became a worshipper of Vehumet
  9188 | D:7      | Reached XP level 9. HP: 57/57 MP: 8/20
  9202 | D:7      | Quit the game

Vault maps used:
D:1:      lightli_arrival_lavapool
D:2:      kennysheep_big_flooded_room, first_bread, serial_bayou,
          serial_bayou_pond_e, serial_bayou_pond_d, serial_bayou_shore_a,
          serial_bayou_pond_b, serial_bayou_shore_b, serial_bayou_pond_e
D:3:      nemelex_xobeh_ov_fountains_minmay, elyvilon_altar_3, uniq_natasha,
          uniq_sigmund, uniq_iyjb
D:4:      portal_sewer_entry_e
D:5:      lexackson_kobold_supper
D:6:      minmay_cornered_nines
D:7:      grunt_livestock
Temple:   kilobyte_greek_temple
Sewer:    sewer_frog_island_02

Skill      XL: |  1  2  3  4  5  6  7  8 |
---------------+-------------------------+-----
Conjurations   | 2 3 4 5 7 |  7.0
Spellcasting   | 4 5 7 |  7.8
Fire Magic     | 1 2 4 |  4.6
Dodging        | |  1.7
Stealth        | |  1.7
Summonings     | |  1.0
Translocations | |  0.8

Action                   |  1- 3 |  4- 6 |  7- 9 || total
-------------------------+-------+-------+-------++-------
Melee: Unarmed           |     5 |       |       ||     5
       Club              |    37 |    31 |    69 ||   137
       Short sword       |    13 |    15 |       ||    28
 Fire: Blowgun           |       |       |     5 ||     5
 Cast: Magic Dart        |   107 |   131 |   271 ||   509
       Call Imp          |     5 |    20 |     9 ||    34
       Mephitic Cloud    |       |     3 |    18 ||    21
       Conjure Flame     |       |       |     7 ||     7
  Use: Potion            |     3 |       |       ||     3
       Scroll            |       |       |    11 ||    11
 Stab: Distracted        |       |     2 |       ||     2
       Confused          |       |       |     5 ||     5
  Eat: Chunk             |     3 |    10 |    13 ||    26
       Fruit             |       |       |     1 ||     1
Armor: Robe              |    16 |    11 |    20 ||    47
Dodge: Dodged            |    55 |    51 |    33 ||   139
